 Dungeon Crawl Stone Soup version 0.31-a0-233-g139696dc86 (webtiles) character file.

Game seed: 7543760917818104799

118 qw the Shooter (level 4, -1/37 HPs)
             Began as a Minotaur Hexslinger on July 7, 2023.
             Killed by divine providence
             ... invoked by an orc priest
              (14 damage)
             ... on level 3 of the Dungeon.
             The game lasted 00:00:43 (1623 turns).

qw the Shooter (Minotaur Hexslinger)                Turns: 1623, Time: 00:00:44

Health: -1/37      AC:  4    Str: 12    XL:     4   Next: 72%
Magic:  4/4        EV: 12    Int: 10    God:
Gold:   133        SH:  0    Dex: 15    Spells: 4/5 levels left

rFire   . . .        Y - +1 sling
rCold   . . .        (no shield)
rNeg    . . .        c - +0 robe
rPois   .            (helmet restricted)
rElec   .            (no cloak)
rCorr   .            f - +0 pair of gloves
SInv    .            l - +0 pair of boots
Will    .....        (no amulet)
Stlth   +            (no ring)
HPRegen 0.26/turn    (no ring)
MPRegen 0.09/turn

%: no passive effects
@: no status effects
A: horns 2, retaliatory headbutt
a: no special abilities


You were on level 3 of the Dungeon.
You visited 1 branch of the dungeon, and saw 3 of its levels.

You collected 133 gold pieces.


Innate Abilities, Weirdness & Mutations

You have a pair of horns on your head.
You reflexively headbutt those who attack you in melee.


   Skills:
 + Level 2.7 Fighting
 - Level 5.0 Ranged Weapons
 - Level 2.1 Dodging
 - Level 1.0 Spellcasting
 - Level 2.0 Hexes


You had 4 spell levels left.
You knew the following spells:

 Your Spells              Type           Power      Damage    Failure   Level
a - Slow                  Hex            16%        N/A       16%         1

Your spell library contained the following spells:

 Spells                   Type           Power      Damage    Failure   Level
 Inner Flame              Hex/Fire       2%         N/A       56%         3
 Portal Projectile        Hex/Tloc       4%         N/A       56%         3
 Cause Fear               Hex            2%         N/A       83%         4

Inventory:

Hand Weapons
 Y - a +1 sling (weapon)
Armour
 c - a +0 robe (worn)
 d - a +0 ring mail
 f - a +0 pair of gloves (worn)
 l - a +0 pair of boots (worn)
Scrolls
 b - 2 scrolls of identify
Potions
 a - a potion of invisibility {unknown}
 e - a potion of brilliance {unknown}
 g - a potion of heal wounds {unknown}
 j - a potion of haste {unknown}
 m - a potion of resistance {unknown}

Dungeon Overview and Level Annotations

Branches:
Dungeon (3/15)

Altars:

Annotations:
D:3 1 transporter


Message History

The orc is heavily wounded.
You shoot a sling bullet.
The sling bullet hits the orc but does no damage.
The orc is heavily wounded.
An orc comes into view. It is wielding a +0 hand axe.
You shoot a sling bullet. The sling bullet hits the orc.
The orc is severely wounded.
An orc priest comes into view. It is wielding a +0 flail.
You shoot a sling bullet.
The sling bullet hits the orc but does no damage.
The orc is severely wounded.
You shoot a sling bullet. The sling bullet hits the orc.
You kill the orc!
The orc priest invokes the aid of Beogh against you.
Beogh smites you!
You shoot a sling bullet.
The sling bullet closely misses the ball python.
The ball python closely misses you. The ball python grabs you.
The ball python constricts you. The orc hits you with a +0 hand axe.
You shoot a sling bullet. The sling bullet hits the ball python.
You kill the ball python!
The orc misses you. You furiously retaliate!
You headbutt the orc. You shoot a sling bullet.
The sling bullet completely misses the orc.
The orc hits you but does no damage. The orc hits you with a +0 hand axe.
You shoot a sling bullet. The sling bullet hits the orc.
The orc is almost dead.
The orc barely misses you.
You shoot a sling bullet. The sling bullet hits the orc.
You kill the orc!
You shoot a sling bullet. The sling bullet hits the orc priest.
The orc priest is moderately wounded.
The orc closely misses you. You furiously retaliate!
You headbutt the orc!
You kill the orc!
The orc priest hits you with a +0 flail.
You shoot a sling bullet.
The sling bullet barely misses the orc priest.
The orc priest invokes the aid of Beogh against you.
Beogh smites you!
You die...

#..######......
#.........####. .
#.###.##### #. .. #.#
#.## #. ... #.# #..# ##+
....######.####.######..
........................
.......)................
......o@###....####.....
.......## ##..## ####..
...#... ##^# ..$#.. ..
#... ### .##.. . #...
.^. #####... .#..
..####....... .##.. (#.#
#........ #> #..
.#^..##..###...
##.#.#..##.##..


You could see an orc priest.

Vanquished Creatures
  Robin (D:2)
  3 adders
  An ufetubus (D:2)
  A worm (D:2)
  A dart slug (D:2)
  3 orcs (D:3)
  5 bats
  3 endoplasms
  A giant cockroach (D:1)
  10 goblins
  6 hobgoblins (D:2)
  3 jackals (D:1)
  6 quokkas
  6 ball pythons
  3 frilled lizards
  4 kobolds
  5 rats
62 creatures vanquished.

Notes
Turn   | Place    | Note
-------+----------+-------------------------------------------
     0 | D:1      | qw the Minotaur Hexslinger began the quest for the Orb.
     0 | D:1      | Reached XP level 1. HP: 16/16 MP: 1/1
     0 | D:1      | 0 ||| qw: Version: 0.3-a-46-gb1f654a
     0 | D:1      | 0 ||| qw: Game counter: 3261
     0 | D:1      | 0 ||| qw: Melee chars always use a shield: true
     0 | D:1      | 0 ||| qw: God list: Okawaru
     0 | D:1      | 0 ||| qw: Allow faded altars: false
     0 | D:1      | 0 ||| qw: Do Orc after clearing Dungeon:15 true
     0 | D:1      | 0 ||| qw: Do second Lair branch before Depths: true
     0 | D:1      | 0 ||| qw: Lair rune preference: random
     0 | D:1      | 0 ||| qw: Goals: Normal
     0 | D:1      | 0 ||| PLANNING D:1-11
   115 | D:1      | Reached skill level 3 in Ranged Weapons
   254 | D:1      | Reached XP level 2. HP: 16/23 MP: 2/2
   663 | D:1      | 663 ||| DROPPING scarf of harm.
   664 | D:1      | 664 ||| UPGRADING to +0 pair of gloves.
   669 | D:1      | 669 ||| READING scroll labelled ARPHI JAPHIGOA.
   670 | D:1      | 670 ||| READING scroll labelled KAENEFISIO.
   671 | D:1      | 671 ||| READING scroll labelled KEONWE CIMILLO.
   672 | D:1      | 672 ||| READING scroll labelled SEGOGO BAUVAMN.
   673 | D:1      | 673 ||| DROPPING scroll of poison.
   751 | D:2      | Reached XP level 3. HP: 29/29 MP: 3/3
   964 | D:2      | Reached skill level 4 in Ranged Weapons
  1023 | D:2      | Noticed Robin
  1032 | D:2      | Killed Robin
  1033 | D:2      | Reached XP level 4. HP: 30/36 MP: 4/4
  1299 | D:2      | Reached skill level 5 in Ranged Weapons
  1303 | D:2      | Found a faded altar of an unknown god.
  1439 | D:2      | 1439 ||| UPGRADING to +0 pair of boots.
  1444 | D:2      | 1444 ||| DROPPING ring of flight.
  1445 | D:2      | 1445 ||| READING scroll labelled YSOYFY VATUI.
  1446 | D:2      | 1446 ||| READING scroll labelled PAGAIWOUGAK.
  1447 | D:2      | 1447 ||| DRINKING 2 pink potions.
  1448 | D:2      | 1448 ||| DRINKING 3 clear potions.
  1449 | D:2      | 1449 ||| DRINKING potion of curing.
  1449 | D:2      | 1449 ||| (to cure confusion)
  1450 | D:2      | 1450 ||| DROPPING 2 potions of ambrosia.
  1490 | D:3      | Noticed a small abomination
  1494 | D:3      | Found a transporter.
  1623 | D:3      | Killed from afar by an orc priest

Levels and vault maps discovered:
D:1:      dpeg_arrival_ternary, layout_basic
D:2:      layout_basic, hellmonk_ecumenical_altar_inner_sanctum,
          minmay_split_cup_small, uniq_robin
D:3:      layout_loops_corners, gammafunk_ghost_abyssal_escape

Skill      XL: |  1  2  3  4 |
---------------+-------------+-----
Ranged Weapons | 3 4 5 |  5.0
Fighting       | 2 |  2.7
Dodging        | |  2.1
Spellcasting   | |  1.0
Hexes          | |  2.0

Action                     |  1- 3 |  4- 6 || total
---------------------------+-------+-------++-------
   Fire: Sling             |   121 |    50 ||   171
    Use: Scroll            |     4 |     2 ||     6
         Potion            |       |     3 ||     3
 Armour: Robe              |    11 |     3 ||    14
  Dodge: Dodged            |    27 |    16 ||    43

Table legend:
 A = Non-vault XP
 B = Vault XP
 C = Vault XP percentage of total XP
 D = Non-vault monster count
 E = Vault monster count
 F = Vault count percentage of total count
                 A         B        C        D         E       F
            +---------+---------+-------+---------+---------+-------
      Total |     129 |      40 |  23.7 |      48 |      14 |  22.6
            +---------+---------+-------+---------+---------+-------
        D:1 |      37 |       0 |   0.0 |      22 |       0 |   0.0
        D:2 |      65 |      40 |  38.1 |      18 |      14 |  43.8
        D:3 |      27 |       0 |   0.0 |       8 |       0 |   0.0
            +---------+---------+-------+---------+---------+-------
